 Dungeon Crawl Stone Soup version 0.19.5 (webtiles) character file.

49 equalderp2856 the Scratcher (level 3, -1/17 HPs)
             Began as a Felid Fighter on Mar 12, 2017.
             Slain by an orc
             ... wielding a +0 morningstar
              (12 damage)
             ... on level 3 of the Dungeon.
             The game lasted 00:03:18 (1504 turns).

equalderp2856 the Scratcher (Felid Fighter)         Turns: 1504, Time: 00:03:19

Health: -1/17      AC:  1    Str: 13    XL:     3   Next: 51%
Magic:  4/4        EV: 19    Int:  9    God:
Gold:   29         SH:  0    Dex: 15    Spells: 0 memorised, 2 levels left
                                        Lives:  0   Deaths: 0

rFire  . . .     SeeInvis +       - Unarmed
rCold  . . .     Gourm    .     (armour unavailable)
rNeg   . . .     Faith    .     (shield unavailable)
rPois  .         Spirit   .     (helmet unavailable)
rElec  .         Reflect  .     (cloak unavailable)
rCorr  .         Harm     .     (gloves unavailable)
MR     .....                    (boots unavailable)
Stlth  ++........               (no amulet)
                                (no ring)
                                (no ring)

@: quick
A: no armour, no weapons or thrown items, stealth, claws 1, fangs 3, see
invisible, carnivore 3, speed 1, shaggy fur 1, slow metabolism 1, sharp paws
a: no special abilities


You were on level 3 of the Dungeon.
You were completely stuffed.

You visited 1 branch of the dungeon, and saw 3 of its levels.

You collected 29 gold pieces.

Inventory:

Missiles
 g - 25 arrows
Jewellery
 j - an uncursed amulet of guardian spirit {unknown}
 l - an uncursed ring of wizardry {unknown}
Wands
 m - a wand of lightning (5/15)
Scrolls
 e - 2 scrolls of fear {unknown}
 f - 2 scrolls of identify {unknown}
 h - 2 scrolls of enchant armour {unknown}
 i - 6 scrolls of remove curse {unknown}
 k - 2 scrolls of blinking {unknown}
 n - a scroll of teleportation {unknown}
 o - a scroll of enchant weapon {unknown}
Potions
 a - a potion of might
 d - a potion of curing {unknown}
 q - a potion of magic {unknown}
 r - 2 potions of mutation {unknown}
Comestibles
 b - a meat ration
 c - a slice of pizza
 p - a bread ration
 s - a chunk of flesh


   Skills:
 + Level 3.2 Fighting
 + Level 4.2 Dodging
 + Level 1.3 Stealth
 + Level 4.9 Unarmed Combat


You had 2 spell levels left.
You didn't know any spells.

Dungeon Overview and Level Annotations

Branches:
Dungeon (3/15)

Altars:


Innate Abilities, Weirdness & Mutations

You cannot wear armour.
You are incapable of wielding weapons or throwing items.
Your paws allow you to move quietly. (Stealth)
You have sharp claws.
You have razor-sharp teeth.
You have supernaturally acute eyesight. (SInv)
You are carnivorous and can eat meat at any time.
You cover ground quickly.
You are covered in fur. (AC +1)
You have a slow metabolism.
Your sharp claws are effective at attacking unaware monsters.


Message History

The orc shouts!
Found 5 gold pieces and a scroll labeled YNTOTE MYESH.
An orc comes into view. It is wielding a morningstar.
The orc shouts!
An orc comes into view. It is wielding a mace.
An orc comes into view. It is wielding a club.
You closely miss the orc. The orc barely misses you.
You scratch the orc.
The orc is severely wounded.
The orc hits you but does no damage. The orc hits you with a morningstar.
You scratch the orc but do no damage.
The orc is severely wounded.
The orc misses you.
You scratch the orc. You bite the orc.
You kill the orc!
You scratch the orc.
The orc is moderately wounded.
The orc hits you with a morningstar!
Ouch! That really hurt!
You die...

#.......... #..........
#.?........ #..o.......
##########$.........
##...#...##..........
##.........#oo........
#.......<.@oo.........
#.....รท.....####.#####
#.......)(...... ..
##.(............. ...
##...#...######.# ###
######### .


You could see 4 orcs.

Vanquished Creatures
  An adder (D:2)
  A worm (D:2)
  A dart slug (D:1)
  3 leopard geckos
  An orc (D:3)
  A ball python (D:1)
  A giant cockroach (D:2)
  2 goblins
  3 hobgoblins
  4 kobolds
  2 quokkas (D:2)
  2 bats (D:1)
  2 frilled lizards (D:1)
  6 rats
30 creatures vanquished.

Notes
Turn   | Place    | Note
-------+----------+-------------------------------------------
     0 | D:1      | equalderp2856 the Felid Fighter began the quest for the Orb.
     0 | D:1      | Reached XP level 1. HP: 10/10 MP: 2/2
   215 | D:1      | Reached XP level 2. HP: 12/14 MP: 3/3
  1067 | D:2      | Reached skill level 1 in Stealth
  1067 | D:2      | Reached XP level 3. HP: 7/17 MP: 4/4
  1504 | D:3      | Slain by an orc

Skill      XL: |  1  2 |
---------------+-------+-----
Stealth        | 1 |  1.3
Fighting       | |  3.2
Dodging        | |  4.2
Unarmed Combat | |  4.9

Action                   || total
-------------------------++-------
Melee: Unarmed           ||    68
       Bite              ||     6
  Use: Potion            ||     1
 Stab: Sleeping          ||     9
  Eat: Chunk             ||     8
Armor: Skin              ||     1
Dodge: Dodged            ||    37
